 Dungeon Crawl Stone Soup version 0.18.1-50-g88ac8fd (webtiles) character file.

173 Kokiki the Covert (level 5, -1/39 HPs)
             Began as a Vampire Assassin on Sept 16, 2016.
             Slain by a river rat (4 damage)
             ... summoned by Eustachio
             ... on level 4 of the Dungeon.
             The game lasted 00:23:25 (3260 turns).

Kokiki the Covert (Vampire Assassin)                Turns: 3260, Time: 00:23:26

Health: -1/39      AC:  5    Str: 10    XL:     5   Next: 28%
Magic:  5/5        EV: 13    Int: 13    God:
Gold:   148        SH:  0    Dex: 17    Spells: 0 memorised, 4 levels left

rFire  + . .     SeeInvis +     a - +2 dagger
rCold  . . .     Gourm    .     c - +0 robe
rNeg   + . .     Faith    .     (no shield)
rPois  .         Spirit   .     (no helmet)
rElec  .         Dismiss  .     d - +1 cloak
rCorr  .         Reflect  .     l - +0 pair of gloves
SustAt .         Harm     .     (no boots)
MR     .....                    o - amulet of regeneration
Stlth  +++++.....               (no ring)
                                k - ring of protection from fire

@: not resistant to hostile enchantments, quite stealthy
A: fangs 3, see invisible, unbreathing
a: Bat Form


You were on level 4 of the Dungeon.
You were not thirsty.

You visited 1 branch of the dungeon, and saw 4 of its levels.

You collected 148 gold pieces.

Inventory:

Hand Weapons
 a - a +2 dagger (weapon)
 b - a +0 blowgun
Missiles
 e - 13 poisoned needles
 f - 2 curare-tipped needles
Armour
 c - a +0 robe (worn)
 d - a +1 cloak (worn)
 l - a +0 pair of gloves (worn)
Jewellery
 k - a ring of protection from fire (left hand)
 o - an amulet of regeneration (around neck)
Scrolls
 g - a scroll of recharging {unknown}
 n - 2 scrolls of remove curse
 p - a scroll of identify
Potions
 h - 3 potions of flight
 i - a potion of degeneration {unknown}
 j - a potion of agility {unknown}
 m - a potion of curing {unknown}


   Skills:
 + Level 2.4 Fighting
 + Level 2.9 Short Blades
 + Level 2.2 Throwing
 + Level 2.0 Dodging
 * Level 8.2 Stealth


You had 4 spell levels left.
You didn't know any spells.

Dungeon Overview and Level Annotations

Branches:
Dungeon (4/15)
 Temple: D:4-7

Altars:
Nemelex Xobeh
Pakellas
Ru
Trog

Shops:
D:4 (

Annotations:
D:4 Eustachio


Innate Abilities, Weirdness & Mutations

You have razor-sharp teeth.
You have supernaturally acute eyesight.
You can survive without breathing.


Message History

The river rat is moderately wounded.
The shadow imp disappears in a puff of smoke!
You barely miss the river rat.
The river rat is moderately wounded.
The river rat bites you.
* * * LOW HITPOINT WARNING * * *
The river rat bites you.
* * * LOW HITPOINT WARNING * * *
You hit the river rat.
You bite the river rat, but do no damage.
The river rat is heavily wounded.
The river rat barely misses you. x2
You hit the river rat but do no damage.
The river rat is heavily wounded.
The river rat closely misses you. x2
You hit the river rat but do no damage.
The river rat is heavily wounded.
The river rat closely misses you.
The crimson imp blinks!
The river rat bites you.
You die...

.# ### .. ((# .#
#ยง# #.### #5#
#...# #@# #...#
#r# ##...#### #@#
........# #r#
........## #.#
.......... #.#
.#.#####.# #.#
.#.......# #.#
.#..############.#
.#..(.#..........#
.#.##.#.##########


You could see Eustachio, a quasit and 2 river rats.

Vanquished Creatures
  A hound (D:4)
  A worker ant (D:4)
  3 gnolls (D:2)
  3 adders
  An ooze (D:4)
  An adder skeleton (D:4)
  2 worms (D:2)
  A dart slug (D:4)
  A giant gecko (D:4)
  9 bats
  2 giant cockroaches
  6 hobgoblins
  A quokka (D:4)
  A ball python (D:1)
  A giant gecko skeleton (D:4)
  2 giant newts
  7 goblins
  6 kobolds
  4 rats
53 creatures vanquished.

Vanquished Creatures (others)
  A deep elf annihilator (D:4)
1 creature vanquished.

Grand Total: 54 creatures vanquished

Notes
Turn   | Place    | Note
--------------------------------------------------------------
     0 | D:1      | Kokiki the Vampire Assassin began the quest for the Orb.
     0 | D:1      | Reached XP level 1. HP: 16/16 MP: 1/1
    21 | D:1      | Reached skill level 6 in Stealth
   201 | D:1      | Reached XP level 2. HP: 22/22 MP: 2/2
   724 | D:2      | Found a sparkling altar of Nemelex Xobeh.
  1117 | D:2      | Reached XP level 3. HP: 26/27 MP: 3/3
  1185 | D:2      | Reached skill level 7 in Stealth
  1930 | D:3      | Reached XP level 4. HP: 30/33 MP: 4/4
  2391 | D:3      | Found a sacrificial altar of Ru.
  2736 | D:3      | Found a faded altar to an unknown god.
  2770 | D:3      | Found a bloodstained altar of Trog.
  2931 | D:4      | Reached skill level 8 in Stealth
  2943 | D:4      | Reached XP level 5. HP: 28/39 MP: 5/5
  2953 | D:4      | Found Etsit's Weapon Shop.
  3043 | D:4      | Found an oddly glowing altar of Pakellas.
  3044 | D:4      | Noticed a deep elf annihilator
  3059 | D:4      | Killed a deep elf annihilator
  3207 | D:4      | Noticed Eustachio
  3257 | D:4      | HP: 1/39 [river rat[Eustachio] (6)]
  3260 | D:4      | Slain by a river rat

Skill      XL: |  1  2  3  4  5 |
---------------+----------------+-----
Stealth        | 6 7 8 |  8.2
Fighting       | 2 |  2.4
Throwing       | 2 |  2.2
Dodging        | 2 |  2.0
Short Blades   | |  2.9

Action                   |  1- 3 |  4- 6 || total
-------------------------+-------+-------++-------
Melee: Dagger            |    52 |   100 ||   152
       Bite              |     5 |     9 ||    14
       Unarmed           |     1 |     1 ||     2
 Fire: Blowgun           |    26 |     7 ||    33
 Abil: End Transformatio |     2 |     2 ||     4
       Bat Form          |     2 |     2 ||     4
  Use: Scroll            |     4 |     3 ||     7
 Stab: Sleeping          |    13 |     9 ||    22
  Eat: Corpse            |     8 |     4 ||    12
Armor: Robe              |     8 |    13 ||    21
Dodge: Dodged            |    19 |    56 ||    75
